 Seeded DCSS version 0.25-a0-1079-g858b6a6 (webtiles) character file.

Game seed: 11301349378719138389, levelgen mode: deterministic

1743 Auros the Zephyrmancer (level 9, -2/45 HPs)
             Began as a Tengu Air Elementalist on May 14, 2020.
             Shot with an arrow by a centaur (17 damage)
             ... on level 5 of the Dungeon on May 15, 2020.
             The game lasted 00:25:03 (4635 turns).

Auros the Zephyrmancer (Tengu Air Elementalist)     Turns: 4635, Time: 00:25:04

Health: -2/45      AC:  3    Str:  8      XL:     9   Next: 6%
Magic:  1/13       EV: 14    Int: 18      God:
Gold:   184        SH:  0    Dex: 15 (16) Spells: 1/12 levels left

rFire    . . .     SeeInvis .   m - +1 whip (pain)
rCold    . . .     Gourm    .   (no shield)
rNeg     . . .     Faith    .   h - +0 leather armour
rPois    .         Spirit   .   (helmet restricted)
rElec    .         Reflect  .   w - scarf {+Inv}
rCorr    .         Harm     .   (no gloves)
MR       .....                  (boots unavailable)
Stlth    ++........             (no amulet)
HPRegen  0.15/turn              (no ring)
MPRegen  0.13/turn              (no ring)

@: flying quickly and evasively, quick
A: beak, talons 3, able to fly
a: Stop Flying, Evoke Invisibility


You were on level 5 of the Dungeon.
You were not hungry.

You visited 1 branch of the dungeon, and saw 5 of its levels.

You collected 184 gold pieces.

Inventory:

Hand Weapons
 c - a +0 dagger
 m - a +1 whip of pain (weapon)
 u - a +5 scythe of freezing
Missiles
 d - 25 bolts
 r - 8 arrows
 s - 22 sling bullets
 Z - 97 stones (quivered)
Armour
 a - a +0 robe
 h - a +0 leather armour (worn)
 t - a +0 cloak
 w - a scarf of invisibility (worn)
Jewellery
 x - the ring of Laamadump {rPois rC+ MP-9 Int+6 Dex+7}
   (You found it on level 5 of the Dungeon)

   [ring of intelligence]

   It affects your intelligence (+6).
   It affects your dexterity (+7).
   It protects you from cold.
   It protects you from poison.
   It affects your magic capacity (-9).
Wands
 p - a wand of flame (13)
Scrolls
 b - 5 scrolls of remove curse {unknown}
 e - 4 scrolls of identify {unknown}
 f - 2 scrolls of teleportation {unknown}
 l - a scroll of random uselessness {unknown}
 n - a scroll of fog {unknown}
Potions
 g - a potion of brilliance {unknown}
 i - a potion of berserk rage {unknown}
 j - 4 potions of curing {unknown}
 k - a potion of lignification {unknown}
 q - a potion of might {unknown}
 v - a potion of cancellation {unknown}
Comestibles
 o - 2 chunks of flesh
 z - 7 rations


   Skills:
 - Level 2.2 Dodging
 - Level 2.0 Stealth
 - Level 2.0 Spellcasting
 - Level 14.0 Conjurations
 + Level 6.1 Summonings
 - Level 14.4 Air Magic


You had one spell level left.
You knew the following spells:

 Your Spells              Type           Power        Failure   Level  Hunger
a - Shock                 Conj/Air       ####         1%          1    #......
b - Lightning Bolt        Conj/Air       ######....   1%          5    ######.
c - Summon Small Mammal   Summ           ###.         2%          1    #......
d - Summon Lightning Spi  Summ/Air       #####...     3%          4    #####..

Your spell library contained the following spells:

 Spells                   Type           Power        Failure   Level  Hunger
 Swiftness                Chrm/Air       ####....     1%          2    ###....
 Static Discharge         Conj/Air       ######..     1%          3    ###....
 Airstrike                Air            ######....   1%          4    #####..
 Call Imp                 Summ           ###.....     3%          2    ###....
 Call Canine Familiar     Summ           ###.....     6%          3    ###....
 Summon Guardian Golem    Hex/Summ       ##......     22%         3    ###....
 Summon Ice Beast         Ice/Summ       ##......     58%         4    #####..


Dungeon Overview and Level Annotations

Branches:
Dungeon (5/15)             Temple (0/1) D:4

Altars:
Dithmenos
Qazlal
Yredelemnul


Innate Abilities, Weirdness & Mutations

You have a beak for a mouth.
You have claws for feet.
You can fly continuously.


Message History

Some of the chunks of flesh in your inventory have rotted away.
You hit the iguana.
You kill the iguana!
The centaur wields a +0 shortbow.
The centaur shoots an arrow.
The arrow hits you!
The centaur shoots an arrow.
The arrow hits you.
You see here an arrow.
The centaur shoots an arrow.
The arrow hits you!
* * * LOW HITPOINT WARNING * * *
You see here an arrow.
Evoke which item? (* to show all) (? for menu, Esc to quit)
Aiming: Throw Flame
Press: ? - help, Shift-Dir - straight line, f - centaur
Aim: a centaur, wielding a +0 shortbow, wearing a +0 robe, wearing an uncursed amulet of guardian spirit and quivering 24 arrows The puff of flame hits the centaur.
The centaur is lightly wounded.
The centaur shoots an arrow.
The arrow hits you!
* * * LOW HITPOINT WARNING * * *
The centaur shoots an arrow.
The arrow hits you!
You die...

##)###..# #)......#
...#...## ÷.......##
.#.....c.# .........# ####
.....†...# ...
........###########.#
.................@..####..
.................#(.......
.......÷.####...c†.####...
#................###
##...########........
E#...#E# #########
##...### ........#
..._....#


You could see a centaur.

Vanquished Creatures
  Sigmund (D:3)
  2 phantoms
  A sky beast (D:5)
  2 ogres (D:4)
  2 scorpions
  A howler monkey (D:5)
  A crimson imp (D:5)
  A bullfrog zombie (D:5)
  A centaur zombie (D:5)
  A quasit (D:5)
  2 bullfrog skeletons
  3 orc priests
  Terence (D:3)
  5 iguanas
  2 worker ants (D:4)
  A hound skeleton (D:3)
  6 adders
  4 oozes
  2 worms
  2 dart slugs
  3 leopard geckos
  10 orcs
  3 bats
  6 giant cockroaches
  4 hobgoblins
  7 jackals
  2 quokkas
  3 ball pythons
  A frilled lizard (D:2)
  4 goblins
  A jackal zombie (D:5)
  5 kobolds
  4 rats
94 creatures vanquished.

Notes
Turn   | Place    | Note
-------+----------+-------------------------------------------
     0 | D:1      | Auros the Tengu Air Elementalist began the quest for the
                  | Orb.
     0 | D:1      | Reached XP level 1. HP: 10/10 MP: 4/4
   129 | D:1      | Reached XP level 2. HP: 15/15 MP: 3/6
   425 | D:1      | Reached XP level 3. HP: 19/19 MP: 7/7
   713 | D:2      | Reached skill level 5 in Air Magic
   917 | D:2      | Reached XP level 4. HP: 9/24 MP: 1/8
  1529 | D:3      | Noticed Terence
  1541 | D:3      | Killed Terence
  1541 | D:3      | Gained mutation: You can fly continuously. [Tengu growth]
  1541 | D:3      | Reached XP level 5. HP: 18/28 MP: 3/9
  2063 | D:3      | Noticed Sigmund
  2074 | D:3      | Reached XP level 6. HP: 32/32 MP: 10/10
  2075 | D:3      | Reached XP level 7. HP: 36/36 MP: 11/11
  2082 | D:3      | Learned a level 5 spell: Lightning Bolt
  2084 | D:3      | Learned a level 1 spell: Summon Small Mammal
  2105 | D:3      | Killed Sigmund
  2105 | D:3      | Reached skill level 1 in Summonings
  2213 | D:3      | Upgraded the game from 0.25-a0-1078-gea6e5d9 to
                  | 0.25-a0-1079-g858b6a6
  2356 | D:4      | Found a shadowy altar of Dithmenos.
  2919 | D:4      | Found a staircase to the Ecumenical Temple.
  2921 | D:4      | Reached XP level 8. HP: 41/41 MP: 6/12
  3628 | D:4      | Found a basalt altar of Yredelemnul.
  3634 | D:4      | Learned a level 4 spell: Summon Lightning Spire
  3721 | D:5      | Entered Level 5 of the Dungeon
  4113 | D:5      | Reached skill level 5 in Summonings
  4136 | D:5      | Got a crude lapis lazuli ring
  4137 | D:5      | Identified the ring of Laamadump {rPois rC+ MP-9 Int+6
                  | Dex+7} (You found it on level 5 of the Dungeon)
  4528 | D:5      | Found a stormy altar of Qazlal.
  4531 | D:5      | Noticed a water elemental
  4531 | D:5      | Noticed an air elemental
  4596 | D:5      | Reached XP level 9. HP: 41/45 MP: 2/13
  4635 | D:5      | Shot with an arrow by a centaur

Illustrated notes

Levels and vault maps discovered:
D:1:      roderic_crop_circles_arrival_small, layout_basic, st_stairs_6
D:2:      layout_loops_cross, nicolae_tso_swordbearing_angel, marbit_many_paths,
          first_ration
D:3:      layout_loops_ring, uniq_sigmund, uniq_terence
D:4:      layout_basic, nicolae_overflow_hidden_temple, grunt_dithmenos_shadows,
          minmay_temple_entry_proselytizer
D:5:      layout_rooms, nicolae_qazlal_style_of_elements, okawaru_gym_becter

Skill      XL: |  1  2  3  4  5  6  7  8 |
---------------+-------------------------+-----
Conjurations   | 2 3 4 11 14 | 14.0
Air Magic      | 5 12 14 | 14.4
Summonings     | 3 6 |  6.1
Dodging        | |  2.2
Stealth        | |  2.0
Spellcasting   | |  2.0

Action                   |  1- 3 |  4- 6 |  7- 9 || total
-------------------------+-------+-------+-------++-------
Melee: Dagger            |    30 |       |       ||    30
       Kick              |     5 |    10 |     7 ||    22
       Whip              |     3 |    34 |    50 ||    87
       Peck              |     3 |     3 |     6 ||    12
 Cast: Shock             |    29 |    24 |    69 ||   122
       Lightning Bolt    |       |       |    16 ||    16
       Summon Small Mamm |       |       |     6 ||     6
       Summon Lightning  |       |       |     1 ||     1
 Abil: Fly               |       |     1 |       ||     1
Evoke: Wand              |       |       |     4 ||     4
  Use: Potion            |       |     2 |       ||     2
 Stab: Sleeping          |     3 |     3 |     1 ||     7
       Distracted        |       |     1 |       ||     1
  Eat: Chunk             |       |     5 |    11 ||    16
       Ration            |       |       |     1 ||     1
Armor: Robe              |     2 |       |       ||     2
       Leather armour    |     6 |     9 |    16 ||    31
Dodge: Dodged            |    31 |    26 |    74 ||   131

Table legend:
 A = Non-vault XP
 B = Vault XP
 C = Vault XP percentage of total XP
 D = Non-vault monster count
 E = Vault monster count
 F = Vault count percentage of total count
                 A         B        C        D         E       F
            +---------+---------+-------+---------+---------+-------
      Total |    1520 |     429 |  22.0 |      89 |       5 |   5.3
            +---------+---------+-------+---------+---------+-------
        D:1 |      43 |       1 |   2.3 |      19 |       1 |   5.0
        D:2 |      65 |       0 |   0.0 |      13 |       0 |   0.0
        D:3 |      55 |     259 |  82.5 |      14 |       2 |  12.5
        D:4 |     567 |     169 |  23.0 |      19 |       2 |   9.5
        D:5 |     790 |       0 |   0.0 |      24 |       0 |   0.0
            +---------+---------+-------+---------+---------+-------
